TOP OF THE 1ST |
Colorado Rockies batting - Pitching for San Diego Padres : RHP German Marquez
|
Pitching: RHP German Marquez
|
|
Batting: SHB Victor Reyes
|
0-0: Ball 1-0: Ball 2-0: Called Strike 2-1: Ground out 5-3 (Groundball, 5, EV 79.4 MPH)
|
Batting: RHB JaCoby Jones
|
0-0: Ground out 6-3 (Groundball, 6, EV 103.8 MPH)
|
Batting: RHB Michael Brosseau
|
0-0: Called Strike 0-1: Ball 1-1: Swinging Strike 1-2: Ground out 5-3 (Groundball, 15, EV 83.1 MPH)
|
Top of the 1st over - 0 runs, 0 hits, 0 errors, 0 left on base; Colorado 0 - San Diego 0 |
BOTTOM OF THE 1ST |
San Diego Padres batting - Pitching for Colorado Rockies : RHP Jon Duplantier
|
Pitching: RHP Jon Duplantier
|
|
Batting: SHB Victor Caratini
|
0-0: Called Strike 0-1: Ball 1-1: Called Strike 1-2: Foul Ball, location: 2F 1-2: Ground out 4-3 (Groundball, 4M, EV 78.8 MPH)
|
Batting: SHB Freddy Galvis
|
0-0: Swinging Strike 0-1: Fly out, F7 (Flyball, 7D, EV 105.6 MPH)
|
Batting: LHB Mike Tauchman
|
0-0: Called Strike 0-1: Ball 1-1: Foul Ball, location: 2F 1-2: Foul Ball, location: 2F 1-2: Ground out 5-3 (Groundball, 56S, EV 85.0 MPH)
|
Bottom of the 1st over - 0 runs, 0 hits, 0 errors, 0 left on base; Colorado 0 - San Diego 0 |
TOP OF THE 2ND |
Colorado Rockies batting - Pitching for San Diego Padres : RHP German Marquez
|
Batting: LHB Josh VanMeter
|
0-0: Ball 1-0: Ball 2-0: Called Strike 2-1: Foul Ball, location: 2F 2-2: Foul Ball, location: 2F 2-2: Foul Ball, location: 2F 2-2: Ball 3-2: Strikes out swinging
|
Batting: RHB Orlando Arcia
|
0-0: Ball 1-0: Ball 2-0: Foul Ball, location: 2F 2-1: Ball 3-1: SINGLE (Groundball, 34D, EV 99.4 MPH)
|
Batting: RHB Jake Rogers
|
0-0: Foul Ball, location: 2F 0-1: Called Strike 0-2: Ball 1-2: Strikes out swinging
|
Batting: LHB CJ Alexander
|
0-0: Ball Orlando Arcia steals 2nd base 1-0: Foul Ball, location: 2F 1-1: Foul Ball, location: 2F 1-2: Ground out U3 (Groundball, 3, EV 82.5 MPH)
|
Top of the 2nd over - 0 runs, 1 hit, 0 errors, 1 left on base; Colorado 0 - San Diego 0 |
BOTTOM OF THE 2ND |
San Diego Padres batting - Pitching for Colorado Rockies : RHP Jon Duplantier
|
Batting: LHB Max Kepler
|
0-0: Foul Ball, location: 2F 0-1: Ground out 2-3 (Groundball, 2R, EV 73.8 MPH)
|
Batting: SHB Carlos Santana
|
0-0: Foul Ball, location: 2F 0-1: Ground out 4-3 (Groundball, 4MD, EV 106.9 MPH)
|
Batting: RHB Christian Arroyo
|
0-0: Ball 1-0: Ball 2-0: Ball 3-0: Called Strike 3-1: Foul Ball, location: 2F 3-2: Foul Ball, location: 2F 3-2: Strikes out swinging
|
Bottom of the 2nd over - 0 runs, 0 hits, 0 errors, 0 left on base; Colorado 0 - San Diego 0 |
TOP OF THE 3RD |
Colorado Rockies batting - Pitching for San Diego Padres : RHP German Marquez
|
Batting: RHB Jorge Mateo
|
0-0: Ball 1-0: Foul Ball, location: 2F 1-1: SINGLE (Line Drive, 34D, EV 110.6 MPH)
|
Batting: LHB Jon Duplantier
|
0-0: Called Strike 0-1: Ball 1-1: Called Strike 1-2: Strikes out swinging
|
Batting: SHB Victor Reyes
|
0-0: Ball 1-0: Ball 2-0: Foul Ball, location: 2F 2-1: Swinging Strike 2-2: Ball Jorge Mateo steals 2nd base 3-2: Foul Ball, location: 2F 3-2: Ground out 4-3 (Groundball, 4, EV 75.6 MPH) Jorge Mateo to third
|
Batting: RHB JaCoby Jones
|
0-0: Ball 1-0: Ball 2-0: Foul Ball, location: 2F 2-1: 2-RUN HOME RUN (Flyball, 7D, EV 96.9 MPH), Distance : 373 ft
|
Batting: RHB Michael Brosseau
|
0-0: Fly out, F6 (Popup, 6MS, EV 61.9 MPH)
|
Top of the 3rd over - 2 runs, 2 hits, 0 errors, 0 left on base; Colorado 2 - San Diego 0 |
BOTTOM OF THE 3RD |
San Diego Padres batting - Pitching for Colorado Rockies : RHP Jon Duplantier
|
Batting: SHB Johan Camargo
|
0-0: Ground out 4-3 (Groundball, 4M, EV 103.8 MPH)
|
Batting: RHB German Marquez
|
0-0: Ball 1-0: Reached on error, E5 (Groundball, 5S, EV 74.4 MPH)
|
Batting: RHB Lorenzo Cain
|
0-0: Called Strike 0-1: Hit by Pitch German Marquez to second
|
Batting: SHB Victor Caratini
|
0-0: Called Strike German Marquez is caught stealing 3rd base 2-5 Lorenzo Cain to second 0-1: Called Strike 0-2: Strikes out looking
|
Bottom of the 3rd over - 0 runs, 0 hits, 1 error, 1 left on base; Colorado 2 - San Diego 0 |
TOP OF THE 4TH |
Colorado Rockies batting - Pitching for San Diego Padres : RHP German Marquez
|
Batting: LHB Josh VanMeter
|
0-0: Called Strike 0-1: Foul Ball, location: 2F 0-2: Strikes out swinging
|
Batting: RHB Orlando Arcia
|
0-0: Ball 1-0: Swinging Strike 1-1: Called Strike 1-2: Strikes out swinging
|
Batting: RHB Jake Rogers
|
0-0: Called Strike 0-1: Hit by Pitch
|
Batting: LHB CJ Alexander
|
0-0: Called Strike 0-1: Ball 1-1: Called Strike 1-2: Ground out 4-3 (Groundball, 4, EV 93.1 MPH)
|
Top of the 4th over - 0 runs, 0 hits, 0 errors, 1 left on base; Colorado 2 - San Diego 0 |
BOTTOM OF THE 4TH |
San Diego Padres batting - Pitching for Colorado Rockies : RHP Jon Duplantier
|
Batting: SHB Freddy Galvis
|
0-0: Ground out U3 (Groundball, 34, EV 88.8 MPH)
|
Batting: LHB Mike Tauchman
|
0-0: Foul Ball, location: 2F 0-1: Ball 1-1: Swinging Strike 1-2: Ground out 6-3 (Groundball, 6M, EV 100.6 MPH)
|
Batting: LHB Max Kepler
|
0-0: Ball 1-0: SINGLE (Groundball, 4MD, EV 109.4 MPH)
|
Batting: SHB Carlos Santana
|
0-0: Ball 1-0: Foul Ball, location: 2F 1-1: Ball 2-1: Ball 3-1: Base on Balls Max Kepler to second
|
Batting: RHB Christian Arroyo
|
0-0: Hit by Pitch Max Kepler to third Carlos Santana to second
|
Batting: SHB Johan Camargo
|
0-0: Fly out, F9 (Flyball, 9LM, EV 89.4 MPH)
|
Bottom of the 4th over - 0 runs, 1 hit, 0 errors, 3 left on base; Colorado 2 - San Diego 0 |
TOP OF THE 5TH |
Colorado Rockies batting - Pitching for San Diego Padres : RHP German Marquez
|
Batting: RHB Jorge Mateo
|
0-0: Foul Ball, location: 2F 0-1: SINGLE (Line Drive, 8RS, EV 110.0 MPH)
|
Batting: LHB Jon Duplantier
|
0-0: Sac Bunt to 13 - play at first, batter OUT! 1-4 Jorge Mateo to second
|
Batting: SHB Victor Reyes
|
0-0: Swinging Strike 0-1: Ball 1-1: Ball 2-1: Ground out 6-3 (Groundball, 6M, EV 80.0 MPH) Jorge Mateo to third
|
Batting: RHB JaCoby Jones
|
0-0: Called Strike 0-1: Ball 1-1: Ground out 6-3 (Groundball, 6, EV 81.9 MPH)
|
Top of the 5th over - 0 runs, 1 hit, 0 errors, 1 left on base; Colorado 2 - San Diego 0 |
BOTTOM OF THE 5TH |
San Diego Padres batting - Pitching for Colorado Rockies : RHP Jon Duplantier
|
Batting: RHB German Marquez
|
0-0: Called Strike 0-1: Fly out, F4 (Flyball, 34D, EV 78.1 MPH)
|
Batting: RHB Lorenzo Cain
|
0-0: Ball 1-0: Ball 2-0: Ball 3-0: Called Strike 3-1: Fly out, F9 (Flyball, 9, EV 75.0 MPH)
|
Batting: SHB Victor Caratini
|
0-0: Ball 1-0: Fly out, F6 (Flyball, 56D, EV 93.8 MPH)
|
Bottom of the 5th over - 0 runs, 0 hits, 0 errors, 0 left on base; Colorado 2 - San Diego 0 |
TOP OF THE 6TH |
Colorado Rockies batting - Pitching for San Diego Padres : RHP German Marquez
|
Batting: RHB Michael Brosseau
|
0-0: Fly out, F8 (Line Drive, 8LM, EV 106.9 MPH)
|
Batting: LHB Josh VanMeter
|
0-0: Fly out, F8 (Flyball, 8LM, EV 82.5 MPH)
|
Batting: RHB Orlando Arcia
|
0-0: Fly out, F8 (Line Drive, 8LD, EV 102.5 MPH)
|
Top of the 6th over - 0 runs, 0 hits, 0 errors, 0 left on base; Colorado 2 - San Diego 0 |
BOTTOM OF THE 6TH |
San Diego Padres batting - Pitching for Colorado Rockies : RHP Jon Duplantier
|
Batting: SHB Freddy Galvis
|
0-0: Ball 1-0: Ball 2-0: Ball 3-0: Called Strike 3-1: Foul Ball, location: 2F 3-2: Foul Ball, location: 2F 3-2: Foul Ball, location: 2F 3-2: Base on Balls
|
Batting: LHB Mike Tauchman
|
0-0: Reached on error, E9 (Flyball, 9, EV 99.4 MPH) Freddy Galvis to second
|
Batting: LHB Max Kepler
|
0-0: Ball 1-0: Called Strike 1-1: Swinging Strike 1-2: Fly out, F8 (Flyball, 8LD, EV 100.0 MPH)
|
Pitching: RHP Ryan Castellani
|
|
Now in RF: Andrew Knizner
|
|
Batting: SHB Carlos Santana
|
0-0: Ground out 3-1 (Groundball, 3S, EV 72.5 MPH) Freddy Galvis to third Mike Tauchman to second
|
Batting: RHB Christian Arroyo
|
0-0: 3-RUN HOME RUN (Flyball, 78XD, EV 101.3 MPH), Distance : 415 ft
|
Batting: SHB Johan Camargo
|
0-0: Fly out, F7 (Flyball, 78XD, EV 96.9 MPH)
|
Bottom of the 6th over - 3 runs, 1 hit, 1 error, 0 left on base; Colorado 2 - San Diego 3 |
TOP OF THE 7TH |
Colorado Rockies batting - Pitching for San Diego Padres : RHP German Marquez
|
Batting: RHB Jake Rogers
|
0-0: Ball 1-0: Fly out, F4 (Line Drive, 4, EV 68.8 MPH)
|
Batting: LHB CJ Alexander
|
0-0: Ball 1-0: Called Strike 1-1: SINGLE (Groundball, 34D, EV 101.9 MPH)
|
Batting: RHB Jorge Mateo
|
0-0: Ball 1-0: Foul Ball, location: 2F 1-1: Swinging Strike 1-2: Foul Ball, location: 2F 1-2: Foul Ball, location: 2F 1-2: Strikes out looking
|
Batting: RHB Andrew Knizner
|
0-0: Called Strike 0-1: Foul Ball, location: 2F 0-2: Fielders Choice at 2nd, 6-4 (Groundball, 6, EV 88.1 MPH)
|
Top of the 7th over - 0 runs, 1 hit, 0 errors, 1 left on base; Colorado 2 - San Diego 3 |
BOTTOM OF THE 7TH |
San Diego Padres batting - Pitching for Colorado Rockies : RHP Ryan Castellani
|
Pinch Hitting: RHB Hunter Renfroe
|
0-0: Swinging Strike 0-1: Ball 1-1: Foul Ball, location: 2F 1-2: Strikes out looking
|
Batting: RHB Lorenzo Cain
|
0-0: Called Strike 0-1: Ground out 3-1 (Groundball, 3S, EV 70.0 MPH)
|
Batting: SHB Victor Caratini
|
0-0: Ball 1-0: Foul Ball, location: 2F 1-1: Ball 2-1: Ball 3-1: Foul Ball, location: 2F 3-2: Ground out U3 (Groundball, 3L, EV 91.9 MPH)
|
Bottom of the 7th over - 0 runs, 0 hits, 0 errors, 0 left on base; Colorado 2 - San Diego 3 |
TOP OF THE 8TH |
Colorado Rockies batting - Pitching for San Diego Padres : RHP German Marquez
|
Pitching: RHP Jose Leclerc
|
|
Batting: SHB Victor Reyes
|
0-0: Fly out, F7 (Line Drive, 7, EV 105.0 MPH)
|
Pinch Hitting: RHB Miguel Cabrera
|
0-0: Fly out, F8 (Line Drive, 8LD, EV 85.6 MPH)
|
Batting: RHB Michael Brosseau
|
0-0: Ball 1-0: Fly out, F8 (Flyball, 78XD, EV 104.4 MPH)
|
Top of the 8th over - 0 runs, 0 hits, 0 errors, 0 left on base; Colorado 2 - San Diego 3 |
BOTTOM OF THE 8TH |
San Diego Padres batting - Pitching for Colorado Rockies : RHP Ryan Castellani
|
Pitching: RHP Clay Buchholz
|
|
Batting: SHB Freddy Galvis
|
0-0: Reached on error, E2 (Groundball, 2L, EV 65.0 MPH)
|
Batting: LHB Mike Tauchman
|
0-0: Ball 1-0: Ground out 6-3 (Groundball, 6S, EV 72.5 MPH) Freddy Galvis to second
|
Batting: LHB Max Kepler
|
0-0: Ball 1-0: Ball 2-0: Ball 3-0: Base on Balls
|
Batting: SHB Carlos Santana
|
0-0: Called Strike 0-1: Grounds into double play, 4-6-3 (Groundball, 4, EV 103.1 MPH)
|
Bottom of the 8th over - 0 runs, 0 hits, 1 error, 1 left on base; Colorado 2 - San Diego 3 |
TOP OF THE 9TH |
Colorado Rockies batting - Pitching for San Diego Padres : RHP Jose Leclerc
|
Batting: LHB Josh VanMeter
|
0-0: Swinging Strike 0-1: Ball 1-1: Called Strike 1-2: Ball 2-2: Ball 3-2: Strikes out swinging
|
Batting: RHB Orlando Arcia
|
0-0: Ball 1-0: Called Strike 1-1: Ball 2-1: Fly out, F8 (Flyball, 8RM, EV 78.8 MPH)
|
Batting: RHB Jake Rogers
|
0-0: Swinging Strike 0-1: Foul Ball, location: 2F 0-2: Ball 1-2: Ball 2-2: Ball 3-2: Base on Balls
|
Batting: LHB CJ Alexander
|
0-0: Ball 1-0: Called Strike 1-1: Ball 2-1: Called Strike 2-2: Foul Ball, location: 2F 2-2: Strikes out swinging
|
Top of the 9th over - 0 runs, 0 hits, 0 errors, 1 left on base; Colorado 2 - San Diego 3 |
|